 Dungeon Crawl Stone Soup version 0.31.0-11-ge490571c62 (webtiles) character file.

Game seed: 16798382006310968709

136 Flugkiller the Trooper (level 4, -1/40 (42) HPs)
             Began as a Minotaur Fighter on Jan 28, 2024.
             Slain by Duvessa
             ... wielding a +4 vampiric short sword
              (10 damage)
             ... on level 4 of the Dungeon.
             The game lasted 00:00:52 (2834 turns).

Flugkiller the Trooper (Minotaur Fighter)           Turns: 2834, Time: 00:00:53

HP:   -1/40 (42)    AC:  7    Str: 23    XL:     4   Next: 98%
MP:   3/3           EV:  9    Int:  5    God:
Gold: 125           SH:  4    Dex:  9    Spells: 3/3 levels left

rFire   . . .        o - +0 broad axe
rCold   . . .        c - +0 buckler
rNeg    . . .        b - +0 scale mail
rPois   .            (helmet restricted)
rElec   .            (no cloak)
rCorr   .            (no gloves)
SInv    .            (no boots)
Will    .....        (no amulet) Stlth
                     (no ring)
HPRegen 0.26/turn    (no ring)
MPRegen 0.08/turn

%: no passive effects
@: lightly drained
A: horns 2, retaliatory headbutt
a: no special abilities


You were on level 4 of the Dungeon.
You visited 1 branch of the dungeon, and saw 4 of its levels.

You collected 125 gold pieces.

Inventory:

Hand Weapons
 a - a +0 war axe
 o - a +0 broad axe (weapon)
   (You found it on level 4 of the Dungeon)
Armour
 b - a +0 scale mail (worn)
 c - a +0 buckler (worn)
Jewellery
 k - a ring of ice
   (You found it on level 2 of the Dungeon)
 p - a +4 ring of protection
   (You found it on level 3 of the Dungeon)
Scrolls
 e - 2 scrolls of teleportation {unknown}
 g - 2 scrolls of silence {unknown}
 i - 4 scrolls of identify {unknown}
 l - a scroll of brand weapon {unknown}
 n - a scroll of vulnerability {unknown}
Potions
 d - a potion of might
 f - a potion of heal wounds {unknown}
 h - a potion of degeneration {unknown}
 j - 2 potions of curing {unknown}
 m - a potion of enlightenment {unknown}


   Skills:
 * Level 5.1 Fighting
 * Level 4.1 Axes
 + Level 4.2 Armour
 + Level 4.2 Shields


You had 3 spell levels left.
You didn't know any spells.
Your spell library contained the following spells:

 Spells                   Type           Power      Damage    Failure   Level
 Volatile Blastmotes      Fire/Tloc      0%         2d10      99%         3
 Fulminant Prism          Conj/Alch      0%         3d5       100%        4
 Iskenderun's Mystic Bla  Conj/Tloc      0%         2d3       100%        4


Dungeon Overview and Level Annotations

Branches:
Dungeon (4/15)
 Temple: D:4-7

Altars:
Dithmenos

Annotations:
D:4 Dowan, Duvessa


Innate Abilities, Weirdness & Mutations

You have a pair of horns on your head.
You reflexively headbutt those who attack you in melee.


Message History

There is a stone staircase leading down here.
You climb downwards.
Found a broad axe.
Found a stone staircase leading down.
There is a stone staircase leading up here.
Unknown command.
Found a whip.
A kobold comes into view. It is wielding a +0 dagger.
The kobold shouts!
The kobold throws a stone.
The stone hits you but does no damage.
A kobold is nearby!
You see here a +0 broad axe.
o - a +0 broad axe
o - a +0 broad axe (weapon)
There is a stone staircase leading up here.
You climb upwards.
There is a stone staircase leading down here.
There is an open door here.
There is an open door here.
You see here 9 stones.
You open the door.
Done exploring.
Done exploring.
Done exploring.
Done exploring.
Done exploring.
There is an escape hatch in the floor here.
There is a stone staircase leading down here.
You climb downwards.
There is a stone staircase leading up here.
There is a stone staircase leading down here.
A bombardier beetle comes into view.
A bombardier beetle is nearby!
A bombardier beetle is nearby!
The kobold throws a stone.
The stone hits you but does no damage.
You hit the bombardier beetle. You headbutt the bombardier beetle!
The bombardier beetle is severely wounded.
The bombardier beetle misses you.
You barely miss the bombardier beetle.
The bombardier beetle is severely wounded.
The bombardier beetle bites you but does no damage.
You hit the bombardier beetle.
You kill the bombardier beetle!
Your Fighting skill increases to level 5!
Your Axes skill increases to level 4!
You block the kobold's attack.
You slash the kobold!
You kill the kobold!
No target in view!
Things that are here:
a +0 dagger; 4 stones; a kobold corpse No target in view!
A hobgoblin comes into view.
Found a stone staircase leading down.
A hobgoblin is nearby!
A hobgoblin is nearby!
A hobgoblin is nearby!
The hobgoblin barely misses you.
You barely miss the hobgoblin.
The hobgoblin hits you but does no damage. x2
You slash the hobgoblin!
You kill the hobgoblin!
Found a shadowy altar of Dithmenos.
No target in view!
Duvessa, Sister of Dowan comes into view.
She is wielding a +4 vampiric short sword.
Duvessa shouts!
Duvessa is nearby!
Dowan, Brother of Duvessa comes into view.
He is wielding a +1 dagger of draining.
Dowan shouts!
Found a stone staircase leading down.
Duvessa hits you with a +4 vampiric short sword.
You slash Duvessa! You headbutt Duvessa.
Duvessa is heavily wounded.
Dowan mumbles some strange words.
Dowan blinks!
Duvessa hits you with a +4 vampiric short sword.
Duvessa draws strength from your wounds!
You block Duvessa's attack.
You hit Duvessa.
Duvessa is heavily wounded.
You slash Dowan!
Dowan hits you with a +1 dagger of draining.
You feel drained.
Duvessa hits you with a +4 vampiric short sword.
You hit Duvessa but do no damage.
Duvessa is heavily wounded.
You barely miss Dowan.
Dowan hits you with a +1 dagger of draining.
You feel drained.
Duvessa hits you with a +4 vampiric short sword.
You are too injured to fight recklessly!
You are too injured to fight recklessly!
Unknown command.
Duvessa says, "Did you see that move?
Perfect!"
Duvessa attacks as she pursues you!
Duvessa hits you with a +4 vampiric short sword!
* * * LOW HITPOINT WARNING * * *
Duvessa draws strength from your wounds!
Duvessa attacks as she pursues you!
Duvessa hits you with a +4 vampiric short sword!
You die...

###### ####
.#.....######....# ###
........##.@..##.# #..#
.........#e#####.# ..#
........e..#####.##..#####
........>#...............#
>..........####..#######.#
..........## #.##
...........####.#
........##......###.
.#.....#####........≈.≈


You could see Duvessa and Dowan.

Vanquished Creatures
  A bombardier beetle (D:4)
  5 adders (D:2)
  2 ribbon worms
  2 orcs (D:3)
  3 bats
  5 endoplasms
  3 giant cockroaches
  5 goblins
  6 hobgoblins
  4 jackals
  5 kobolds
  A quokka (D:1)
  3 ball pythons
  4 frilled lizards
  3 rats
52 creatures vanquished.

Notes
Turn   | Place    | Note
-------+----------+-------------------------------------------
     0 | D:1      | Flugkiller the Minotaur Fighter began the quest for the
                  | Orb.
     0 | D:1      | Reached XP level 1. HP: 19/19 MP: 0/0
   129 | D:1      | Reached XP level 2. HP: 27/27 MP: 1/1
   550 | D:1      | Reached skill level 4 in Fighting
  1088 | D:2      | Reached XP level 3. HP: 33/33 MP: 2/2
  1268 | D:2      | Reached XP level 4. HP: 41/41 MP: 3/3
  2800 | D:4      | Reached skill level 5 in Fighting
  2808 | D:4      | Found a shadowy altar of Dithmenos.
  2824 | D:4      | Noticed Duvessa
  2826 | D:4      | Noticed Dowan
  2834 | D:4      | Slain by Duvessa

Illustrated notes

Levels and vault maps discovered:
D:1:      dpeg_arrival_leaves_temple_mockup, layout_loops_ring,
          lemuel_flame_loot_1
D:2:      layout_rooms
D:3:      layout_basic, minmay_misc_feat_rugged, kennysheep_generic_room_16
D:4:      layout_rooms, mainiacjoe_overflow_large_starburst, led_xom_imps,
          serial_demonic, serial_demonic_c, serial_demonic_f, serial_demonic_a,
          serial_demonic_g, uniq_duvessa

Skill      XL: |  1  2  3  4 |
---------------+-------------+-----
Fighting       | 4 5 |  5.1
Axes           | 3 4 |  4.1
Armour         | 4 |  4.2
Shields        | 4 |  4.2

Action                     |  1- 3 |  4- 6 || total
---------------------------+-------+-------++-------
  Melee: War axe           |    58 |    40 ||    98
         Headbutt          |     6 |     6 ||    12
         Broad axe         |       |     9 ||     9
 Armour: Scale mail        |    51 |    34 ||    85
  Dodge: Dodged            |    28 |    16 ||    44
  Block: Buckler           |    13 |     7 ||    20
